 Dungeon Crawl Stone Soup version 0.23-a0-389-g4a5eb33 (webtiles) character file.

4811 nixmar the Grappler (level 10, 107/107 HPs)
             Began as a Troll Berserker on Oct 29, 2018.
             Was a High Priest of Trog.
             Quit the game on level 8 of the Dungeon.
             The game lasted 00:15:20 (7055 turns).

nixmar the Grappler (Troll Berserker)               Turns: 7055, Time: 00:15:20

Health: 107/107    AC:  6    Str: 27    XL:     10   Next: 24%
Magic:  9/9        EV:  7    Int:  3    God:    Trog [*****.]
Gold:   460        SH:  7    Dex: 12    Spells: 9/9 levels left

rFire    . . .     SeeInvis .     - Unarmed
rCold    . . .     Gourm    +   q - +0 shield
rNeg     . . .     Faith    .   a - +0 animal skin
rPois    +         Spirit   .   (helmet restricted)
rElec    .         Reflect  .   k - +0 cloak
rCorr    .         Harm     .   (gloves unavailable)
MR       .....     Clarity  +   (boots unavailable)
Stlth    +.........             (no amulet)
HPRegen  0.67/turn              o - ring of poison resistance
MPRegen  0.11/turn              l - ring of flight

@: no status effects
A: large, unfitting armour, claws 3, clarity, fast metabolism 3, gourmand,
regeneration 1, robust 1, shaggy fur 1, tough skin 2
a: Berserk, Trog's Hand, Brothers in Arms, Renounce Religion, Evoke Flight


You were on level 8 of the Dungeon.
You worshipped Trog.
Trog was extremely pleased with you.
You were completely stuffed.

You visited 1 branch of the dungeon, and saw 8 of its levels.
You also visited: Ossuary.

You collected 460 gold pieces.

Inventory:

Armour
 a - a +0 animal skin (worn)
 k - a +0 cloak (worn)
 q - a +0 shield (worn)
Jewellery
 l - a ring of flight (right claw)
 o - a ring of poison resistance (left claw)
Wands
 t - a wand of acid (14) {@v2}
 u - a wand of flame (19) {@v6}
 v - a wand of iceblast (7) {@v4}
Scrolls
 b - 3 scrolls of fear
 g - 4 scrolls of enchant weapon
 i - a scroll of fog
 j - 2 scrolls of immolation
 y - a scroll of noise {unknown}
 B - 3 scrolls of blinking
 R - 2 scrolls of identify {@r1}
 T - 5 scrolls of teleportation {!r, @r2}
Potions
 c - 3 potions of degeneration
 f - 6 potions of curing {@q1}
 h - 2 potions of lignification
 m - 2 potions of agility {@q5}
 n - 5 potions of haste {@q3,}
 p - 2 potions of invisibility
 r - a potion of ambrosia
 s - 3 potions of heal wounds {@q2}
 w - a potion of brilliance {unknown}
 x - a potion of might {unknown}
Comestibles
 d - 3 chunks of flesh
 e - 15 rations


   Skills:
 + Level 5.8 Fighting
 - Level 2.4 Dodging
 + Level 13.5 Unarmed Combat


You had 9 spell levels left.
You didn't know any spells.
Your spell library was empty.

Dungeon Overview and Level Annotations

Branches:
Dungeon (8/15)             Temple (0/1) D:7
   Lair: D:8-11

Altars:
Fedhas
Gozag
Hepliaklqana
Kikubaaqudgha
Nemelex Xobeh
Okawaru
Qazlal
Trog
Vehumet
Wu Jian
Xom
The Shining One


Innate Abilities, Weirdness & Mutations

You are too large for most types of armour.
You have claws for hands.
Your metabolism is lightning-fast.
You like to eat raw meat.
Your natural rate of healing is unusually fast.
You are covered in fur. (AC +1)
You have very tough skin. (AC +2)
You possess an exceptional clarity of mind.
You are robust. (+10% HP)


Message History

You claw the orc wizard!
You kill the orc wizard!
Trog accepts your kill.
Trog appreciates your killing of a magic user.
No target in view!
You butcher the orc corpse.
d - 4 chunks of flesh
Things that are here:
a +0 trident; a +0 chain mail; an orc skeleton
Things that are here:
a +0 trident; a +0 chain mail; an orc skeleton Eating one of 4 chunks of flesh.
You eat one of the 4 chunks of flesh.
This raw flesh tastes great.
Things that are here:
a +0 dagger; a +0 robe
Things that are here:
a +0 club; an orc corpse
Things that are here:
a +0 flail; a +0 leather armour; an orc corpse Are you sure you want to abandon this character and quit the game? (Confirm

.[[...<.....# #.#
########.##.# #.# #.##.######
#.### #.##.#....# #.#.#
#.##.#....# #...# #.##.#....#
###.# #.##.#....### #.#
###'##.#......####.#
######......#...@)))).#.######
............#.##...##.#...>..#
.####.####).# #...##.#......#
.##.....##)÷# #...##.#......#
.#.......#..# ######.##.....#
.#.......#).# #.##.....#
....._.....## #........#
.#.......#÷# ########.....#
.#.......#.# .........#####


There were no monsters in sight!

Vanquished Creatures
  Erica (D:8)
  A hippogriff (D:7)
  A hungry ghost (D:7)
  2 sky beasts
  2 black bears (D:8)
  3 orc warriors
  An ice beast (D:6)
  4 ogres
  A phantom (D:4)
  A centaur (D:7)
  6 bullfrogs
  3 water moccasin zombies (Ossuary)
  A water moccasin skeleton (D:5)
  2 scorpions (D:8)
  2 vampire bats (D:3)
  4 howler monkeys
  11 wights
  3 crimson imps
  A quasit (D:6)
  2 hounds
  4 jellies
  4 orc wizards
  Crazy Yiuf (D:6)
  7 orc priests
  2 iguanas
  6 worker ants
  A killer bee zombie (D:5)
  2 big kobold zombies (Ossuary)
  2 hound skeletons
  2 mummies (Ossuary)
  3 gnolls (D:6)
  7 adders
  A shadow imp (D:5)
  2 oozes
  3 adder zombies
  An adder skeleton (D:3)
  3 worms
  2 dart slugs
  4 leopard geckos
  36 orcs
  9 bats
  3 bat skeletons (D:3)
  2 bat zombies (D:3)
  5 giant cockroaches
  3 gnoll zombies (Ossuary)
  3 goblins
  7 hobgoblins
  3 jackals (D:1)
  3 kobolds
  2 ball pythons
  4 frilled lizards
  6 hobgoblin zombies (Ossuary)
  3 kobold zombies (Ossuary)
  A leopard gecko skeleton (D:5)
  4 orc zombies (Ossuary)
  A quokka skeleton (D:4)
  15 rats
219 creatures vanquished.

Vanquished Creatures (others)
  14 fungi (D:5)
14 creatures vanquished.

Grand Total: 233 creatures vanquished

Notes
Turn   | Place    | Note
-------+----------+-------------------------------------------
     0 | D:1      | nixmar the Troll Berserker began the quest for the Orb.
     0 | D:1      | Reached XP level 1. HP: 22/22 MP: 0/0
    60 | D:1      | Reached XP level 2. HP: 20/29 MP: 1/1
   552 | D:1      | Reached skill level 4 in Unarmed Combat
   574 | D:1      | Reached ** piety under Trog
   877 | D:2      | Reached XP level 3. HP: 34/36 MP: 2/2
  1541 | D:3      | Reached XP level 4. HP: 36/44 MP: 3/3
  1546 | D:3      | Reached skill level 5 in Unarmed Combat
  1860 | D:3      | Found an ancient bone altar of Kikubaaqudgha.
  1864 | D:3      | Reached XP level 5. HP: 50/50 MP: 4/4
  1865 | D:3      | Reached skill level 6 in Unarmed Combat
  1875 | D:3      | Reached *** piety under Trog
  2011 | D:3      | Found a glowing golden altar of the Shining One.
  2167 | D:3      | Found a stormy altar of Qazlal.
  2340 | D:4      | Noticed a phantom
  2391 | D:4      | Killed a phantom
  2391 | D:4      | Reached skill level 7 in Unarmed Combat
  2391 | D:4      | Reached XP level 6. HP: 46/59 MP: 5/5
  2680 | D:4      | Found an opulent altar of Gozag.
  2798 | D:4      | Reached skill level 8 in Unarmed Combat
  2907 | D:4      | Reached XP level 7. HP: 60/66 MP: 6/6
  2983 | D:4      | Found an iron altar of Okawaru.
  3351 | D:4      | Gained mutation: You are robust. (+10% HP) [potion of
                  | mutation]
  3351 | D:4      | Gained mutation: You possess an exceptional clarity of
                  | mind. [potion of mutation]
  3381 | D:5      | Entered Level 5 of the Dungeon
  3533 | D:5      | Reached skill level 9 in Unarmed Combat
  3632 | D:5      | Got a scorched long sword
  3706 | D:5      | Reached XP level 8. HP: 73/81 MP: 7/7
  3751 | D:5      | Reached skill level 10 in Unarmed Combat
  3846 | D:5      | Reached **** piety under Trog
  4181 | D:5      | Found a bloodstained altar of Trog.
  4540 | D:6      | Reached skill level 11 in Unarmed Combat
  4593 | D:6      | Found the +8 frozen axe "Frostbite" {freezing cloud, *Noise
                  | +Fly rC+}
  4700 | D:6      | Found an ornate altar of the Wu Jian Council.
  4786 | D:6      | Found a runed door.
  4790 | D:6      | Noticed Crazy Yiuf
  4794 | D:6      | Killed Crazy Yiuf
  4929 | D:6      | Found a radiant altar of Vehumet.
  5005 | D:6      | Found a blossoming altar of Fedhas.
  5005 | D:6      | Found a hazy altar of Hepliaklqana.
  5185 | D:7      | Noticed a hippogriff
  5188 | D:7      | Found a sand-covered staircase.
  5196 | D:7      | Killed a hippogriff
  5196 | D:7      | Reached XP level 9. HP: 73/88 MP: 8/8
  5204 | Ossuary  | Entered an ossuary
  5237 | Ossuary  | Reached skill level 12 in Unarmed Combat
  5421 | Ossuary  | Identified the +9 long sword of Mareuq {flame, rN+ Str+2}
                  | (You found it on level 5 of the Dungeon)
  5972 | D:7      | Reached ***** piety under Trog
  6041 | D:7      | Found a shimmering altar of Xom.
  6138 | D:7      | Found a staircase to the Ecumenical Temple.
  6265 | D:8      | Reached skill level 13 in Unarmed Combat
  6270 | D:8      | Found a sparkling altar of Nemelex Xobeh.
  6356 | D:8      | Noticed Erica
  6367 | D:8      | Killed Erica
  6367 | D:8      | Reached skill level 5 in Fighting
  6367 | D:8      | Reached XP level 10. HP: 61/105 MP: 9/9
  7032 | D:8      | Received a gift from Trog
  7055 | D:8      | Quit the game

Vault maps used:
D:1:      lightli_arrival_farm, minmay_hedge_maze,
          minmay_misc_feat_more_columns, minmay_heptomino_d4
D:3:      tso_oasis_becter, kennysheep_vampire_church,
          lemuel_coloured_pillars_altar, first_ration
D:4:      grunt_gozag_breadcrumbs, okawaru_metal_pillars_1_2
D:5:      nicolae_overflow_hidden_temple, lemuel_crystal_altar, serial_aquarium,
          aquarium_bridge_long_joined, aquarium_window_3, aquarium_window_2,
          aquarium_window_fake, aquarium_window_2, aquarium_view_2d,
          aquarium_view_2d, aquarium_balcony_double_4, aquarium_pool_split
D:6:      lemuel_doored_altar, gammafunk_temple_overflow_wave,
          vehumet_altar_wand_db, chequers_serial_rivers_room_b,
          uniq_crazy_yiuf_cottage
D:7:      marbit_many_paths, temple_fountains,
          lightli_ossuary_entry_decrepit_ruins
D:8:      old_standard_altar, uniq_erica
Ossuary:  ossuary_tomb_2

Skill      XL: |  1  2  3  4  5  6  7  8  9 |
---------------+----------------------------+-----
Unarmed Combat | 4 5 7 8 9 11 13 | 13.5
Fighting       | 5 |  5.8
Dodging        | |  2.4

Action                   |  1- 3 |  4- 6 |  7- 9 | 10-12 || total
-------------------------+-------+-------+-------+-------++-------
Melee: Unarmed           |    98 |   136 |   314 |    49 ||   597
       Punch             |     1 |       |       |       ||     1
Invok: Berserk           |       |     2 |     2 |       ||     4
       Trog's Hand       |       |       |     1 |       ||     1
Evoke: Wand              |       |       |       |     4 ||     4
  Use: Scroll            |       |       |    21 |       ||    21
       Potion            |       |       |     2 |       ||     2
 Stab: Sleeping          |       |       |     2 |     1 ||     3
  Eat: Chunk             |    20 |    14 |    40 |     8 ||    82
Armor: Animal skin       |    57 |    43 |    77 |    13 ||   190
Dodge: Dodged            |    61 |    53 |    61 |     9 ||   184
Block: Shield            |       |    37 |    88 |     7 ||   132

Table legend:
 A = Non-vault XP
 B = Vault XP
 C = Vault XP percentage of total XP
 D = Non-vault monster count
 E = Vault monster count
 F = Vault count percentage of total count
                 A         B        C        D         E       F
            +---------+---------+-------+---------+---------+-------
      Total |    5276 |    1598 |  23.2 |     179 |      40 |  18.3
            +---------+---------+-------+---------+---------+-------
        D:1 |      26 |       7 |  21.2 |      18 |       4 |  18.2
        D:2 |      59 |       0 |   0.0 |      20 |       0 |   0.0
        D:3 |      98 |     127 |  56.4 |      22 |       7 |  24.1
        D:4 |     520 |       0 |   0.0 |      27 |       0 |   0.0
        D:5 |     946 |       0 |   0.0 |      27 |       0 |   0.0
        D:6 |     498 |      43 |   7.9 |      11 |       2 |  15.4
        D:7 |    1856 |     116 |   5.9 |      26 |       1 |   3.7
        D:8 |    1273 |     950 |  42.7 |      28 |       1 |   3.4
    Ossuary |       0 |     355 | 100.0 |       0 |      25 | 100.0
            +---------+---------+-------+---------+---------+-------
